 Dungeon Crawl Stone Soup version 0.29.1-15-g9cfb28693d (webtiles) character file.

Game seed: 9376493113142511524

51 monsoonserge the Cudgeller (level 4, 0/38 HPs)
             Began as a Meteoran Cinder Acolyte on Apr 28, 2023.
             Was a High Priest of Ignis.
             Slain by a gnoll
             ... wielding a +0 spear
              (1 damage)
             ... on level 3 of the Dungeon.
             The game lasted 00:08:29 (828 turns).

monsoonserge the Cudgeller (Meteoran Cinder Acolyte) Turns: 828, Time: 00:08:30

Health: 0/38       AC:  9    Str: 18    XL:     4   Next: 25%
Magic:  0/8        EV: 11    Int: 15    God:    Ignis [*****.]
Gold:   174        SH:  0    Dex:  9    Spells: 5/7 levels left

rFire   + . .      SeeInvis +   a - -1 mace (flame)
rCold   . . .      Faith    .   (no shield)
rNeg    . . .      Spirit   .   b - +0 robe
rPois   .          Reflect  .   (no helmet)
rElec   .          Harm     .   (no cloak)
rCorr   .          Rampage  .   (no gloves)
Will    .....                   (no boots)
Stlth   +.........              (no amulet)
HPRegen 0.12/turn               e - ring of see invisible
MPRegen 0.11/turn               (no ring)

@: brilliant, fiery-armoured, glowing
A: sense surroundings 1, otherworldly, glowing, explore regen
a: Renounce Religion, Fiery Armour, Foxfire Swarm, Rising Flame


You were on level 3 of the Dungeon.
You worshipped Ignis.
Ignis was extremely pleased with you.
You visited 1 branch of the dungeon, and saw 3 of its levels.

You collected 174 gold pieces.

Inventory:

Hand Weapons
 a - a -1 mace of flaming (weapon)
Missiles
 d - 15 stones (quivered)
Armour
 b - a +0 robe (worn)
Magical Staves
 i - a staff of earth
Jewellery
 e - a ring of see invisible (left hand)
 j - an amulet of faith
Scrolls
 f - 5 scrolls of identify {unknown}
 h - a scroll of fear {unknown}
 k - a scroll of acquirement {unknown}
 l - a scroll of silence {unknown}
Potions
 c - a potion of curing
 g - a potion of brilliance
 m - a potion of mutation {unknown}


   Skills:
 + Level 3.5 Fighting
 + Level 4.6 Maces & Flails
 + Level 0.7 Dodging
 - Level 2.0 Spellcasting
 + Level 4.5 Fire Magic


You had 5 spell levels left.
You knew the following spells:

 Your Spells              Type           Power      Damage    Failure   Level
a - Scorch                Fire           44%        2d7       5%          2

Your spell library contained the following spells:

 Spells                   Type           Power      Damage    Failure   Level


Dungeon Overview and Level Annotations

Branches:
Dungeon (3/15) Zot: 959

Altars:


Innate Abilities, Weirdness & Mutations

You passively map a small area around you.
You are easily found by Zot.
You glow in the dark.
You regain HP and MP as you explore.


Message History

The adder is burned by your cloak of flames.
The adder is moderately wounded.
The gnoll hits you from afar with a +0 spear.
* * * LOW HITPOINT WARNING * * *
Casting: Scorch (safe; 5% risk of failure)
Confirm with . or Enter, or press ? or * to list all spells.
Flames lash the gnoll.
The gnoll is heavily wounded.
The gnoll's fire resistance burns away.
The orc shouts!
You feel sick. The adder barely misses you. The orc hits you with a +0 club.
* * * LOW HITPOINT WARNING * * *
The orc is burned by your cloak of flames.
The orc is lightly wounded.
The gnoll hits you from afar with a +0 spear.
* * * LOW HITPOINT WARNING * * *
It was a potion of curing.
You feel better. The adder misses you. The orc barely misses you.
The gnoll hits you from afar with a +0 spear.
* * * LOW HITPOINT WARNING * * *
The gnoll hits you but does no damage.
It was a potion of brilliance.
You feel clever all of a sudden. The adder barely misses you.
The gnoll hits you but does no damage.
The orc priest hits you but does no damage.
The orc barely misses you. The gnoll barely misses you.
The adder barely misses you.
Press: ? - help, v - describe, . - travel
Here: an orc priest, wielding a +0 club and wearing a +0 chain mail The floor.
Unknown command.
You barely miss the orc priest. The adder misses you.
The gnoll hits you from afar with a +0 halberd.
* * * LOW HITPOINT WARNING * * *
The orc priest hits you but does no damage.
The orc priest is burned by your cloak of flames.
The orc priest is lightly wounded.
The orc hits you but does no damage.
The gnoll hits you from afar with a +0 spear.
You die...

, * , .. ... * .... #.#
* * , , #,.#. #.# * ,
..#..##.# ##### # *
.#...#...####...##.####
...#...#.#.............
#...#..o..##.#.##.##.
,#...#@..#........# ,
..#goS#.#..#.##..# * ,
#..g#g#.#..#<....# , *
#...#.....#..#........
,
...#,..#...#..#........
.#, .#.....#..#.......#
, ,#...#.#.# ........#
, ..#.(...# #.#.)##.# ,
, , * .#,.. .#.#*
#.#..# .#


You could see an orc priest, 3 gnolls, an adder and an orc.

Vanquished Creatures
  An adder (D:2)
  A dart slug (D:1)
  2 orcs (D:3)
  2 bats (D:1)
  4 endoplasms
  A giant cockroach (D:2)
  4 goblins
  3 jackals (D:2)
  4 kobolds
  7 ball pythons
  2 frilled lizards (D:1)
  5 rats
36 creatures vanquished.

Vanquished Creatures (collateral kills)
  4 foxfires (D:2)
4 creatures vanquished.

Vanquished Creatures (others)
  11 foxfires (D:2)
  A plant (D:2)
12 creatures vanquished.

Grand Total: 52 creatures vanquished

Notes
Turn   | Place    | Note
-------+----------+-------------------------------------------
     0 | D:1      | monsoonserge the Meteoran Cinder Acolyte began the quest
                  | for the Orb.
     0 | D:1      | Reached XP level 1. HP: 19/19 MP: 3/3
   109 | D:1      | Reached XP level 2. HP: 10/26 MP: 5/5
   112 | D:1      | Learned a level 2 spell: Scorch
   360 | D:1      | Reached XP level 3. HP: 28/31 MP: 6/6
   559 | D:2      | Reached XP level 4. HP: 10/38 MP: 2/7
   825 | D:3      | HP: 1/38 [gnoll/+0 spear (4)]
   828 | D:3      | Slain by a gnoll

Illustrated notes

Levels and vault maps discovered:
D:1:      wander_arrival_abandoned_jail, layout_basic,
          chequers_serial_rivers_small_a, dreamdust_mushroom_princess,
          hangedman_abyss_or_decor_stabs
D:2:      layout_basic, serial_bayou_ford_a
D:3:      layout_basic, nicolae_ecumenical_oubliette, hex_large

Skill      XL: |  1  2  3  4 |
---------------+-------------+-----
Fire Magic     | 4 |  4.5
Spellcasting   | 2 |  2.0
Fighting       | |  3.5
Maces & Flails | |  4.6
Dodging        | |  0.7

Action                   |  1- 3 |  4- 6 || total
-------------------------+-------+-------++-------
Melee: Mace              |    47 |    17 ||    64
       Punch             |     1 |       ||     1
 Cast: Scorch            |    16 |     8 ||    24
Invok: Foxfire Swarm     |     1 |       ||     1
       Fiery Armour      |       |     1 ||     1
  Use: Potion            |       |     2 ||     2
Armor: Robe              |    15 |     8 ||    23
Dodge: Dodged            |    33 |    17 ||    50
